 Dungeon Crawl Stone Soup version 0.32-a0-666-ge8a88695a4 (webtiles) character file.

Game seed: 12828436677252163515

163 adelrune the Chopper (level 5, -4/42 HPs)
             Began as a Demonspawn Monk on Mar 9, 2024.
             Was a Priest of Beogh.
             Slain by Margrim the orc apostle
             ... wielding the +5 hand axe of Siquec {flame, Will+}
              (5 damage)
             ... on level 3 of the Dungeon.
             The game lasted 00:04:38 (1989 turns).

adelrune the Chopper (Demonspawn Monk)              Turns: 1989, Time: 00:04:39

Health: -4/42      AC: 10    Str: 13    XL:     5   Next: 20%
Magic:  5/5        EV:  7    Int: 12    God:    Beogh [***...]
Gold:   54         SH:  0    Dex: 18    Spells: 4/4 levels left

rFire   + . .        g - +3 dagger of Bowegi Uska {elec, rF+ rC++}
rCold   + + .        d - orb {light}
rNeg    . . .        n - +0 chain mail
rPois   .            m - +0 helmet
rElec   .            (no cloak)
rCorr   .            (no gloves)
SInv    .            a - +0 pair of boots
Will    .....        (no amulet) Stlth
                     v - ring "Wocoqaet" {Wiz Int+2}
HPRegen 0.27/turn    (no ring)
MPRegen 0.09/turn

%: wizardry (x1)
@: glowing
A: claws 2, thin skeletal structure 1
a: Renounce Religion, Smiting


You were on level 3 of the Dungeon.
You worshipped Beogh.
Beogh was most pleased with you.
You visited 1 branch of the dungeon, and saw 3 of its levels.

You collected 54 gold pieces.

Inventory:

Hand Weapons
 g - the +3 dagger of Bowegi Uska (weapon) {elec, rF+ rC++}
   (You found it on level 2 of the Dungeon)

   rF+:       It protects you from fire.
   rC++:      It greatly protects you from cold.
 r - a +0 war axe
Armour
 a - a +0 pair of boots (worn)
 d - an orb of light (worn)
 m - a +0 helmet (worn)
 n - a +0 chain mail (worn)
Jewellery
 l - a ring of ice
 v - the ring "Wocoqaet" (left claw) {Wiz Int+2}
   (You found it on level 2 of the Dungeon)

   [ring of wizardry]

   Wiz:       It improves your spell success rate.
   Int+2:     It affects your intelligence (+2).
Scrolls
 e - a scroll of vulnerability {unknown}
 f - a scroll of acquirement {unknown}
 i - 2 scrolls of identify {unknown}
 j - a scroll of blinking {unknown}
 k - 2 scrolls of poison {unknown}
 o - a scroll of torment {unknown}
 p - a scroll of teleportation {unknown}
 q - a scroll of amnesia {unknown}
 u - a scroll of enchant armour {unknown}
 w - a scroll of enchant weapon {unknown}
Potions
 b - a potion of attraction {unknown}
 c - a potion of berserk rage {unknown}
 h - a potion of cancellation {unknown}
 s - a potion of might {unknown}
 t - a potion of brilliance {unknown}


   Skills:
 + Level 3.9 Fighting
 * Level 4.3 Axes
 + Level 2.0 Armour
 - Level 2.6 Dodging


You had 4 spell levels left.
You didn't know any spells.
Your spell library was empty.

Dungeon Overview and Level Annotations

Branches:
Dungeon (3/15)

Altars:
Beogh

Shops:
D:1 (   D:2 *


Innate Abilities, Weirdness & Mutations

Your facial features look somewhat orcish.
You have very sharp fingernails.
You have a somewhat thin skeletal structure. (Dex +2, Stealth+)


Message History

Margrim is moderately wounded.
Margrim hits you but does no damage.
You hit Margrim but do no damage. Lightning courses through Margrim!
Margrim is heavily wounded.
Margrim invokes the aid of Beogh against you.
Beogh smites you!
You barely miss Margrim.
Margrim is heavily wounded.
Margrim hits you with the +5 hand axe of Siquec.
You hit Margrim.
Margrim is heavily wounded.
Margrim invokes the aid of Beogh against you.
Beogh smites you!
You closely miss Margrim.
Margrim is heavily wounded.
Margrim hits you with the +5 hand axe of Siquec.
You hit Margrim but do no damage.
Margrim is heavily wounded.
Margrim closely misses you.
You hit Margrim.
Margrim is heavily wounded.
Margrim hits you with the +5 hand axe of Siquec.
You hit Margrim but do no damage. Lightning courses through Margrim!
Margrim is severely wounded.
Margrim hits you with the +5 hand axe of Siquec.
* * * LOW HITPOINT WARNING * * *
You closely miss Margrim.
Margrim is severely wounded.
Margrim closely misses you.
You hit Margrim but do no damage.
Margrim is severely wounded.
Margrim hits you with the +5 hand axe of Siquec!
* * * LOW HITPOINT WARNING * * *
Margrim burns you.
* * * LOW HITPOINT WARNING * * *
You hit Margrim but do no damage.
Margrim is heavily wounded.
Margrim hits you with the +5 hand axe of Siquec.
You die...
Beogh appreciates Margrim's killing of a heretic priest.

........#.###.#
........#.#...#
#.......#.#.###
#.##..#...#.#.#
#.##.......###.#.#
#.....#.#........#
#####.#.######.#.#
####<........#..#.#
+...####.#####@##.#
##### ### #o##.#
#.J##.# . .......#
#..###### #...
....# ..... ..###


You could see Margrim the orc apostle (divinely empowered) and an endoplasm.

Vanquished Creatures
  Jessica (D:2)
  Terence (D:2)
  3 adders
  3 dart slugs (D:2)
  6 ribbon worms (D:2)
  7 ball pythons
  8 endoplasms
  A giant cockroach (D:2)
  9 goblins
  4 hobgoblins
  A jackal (D:2)
  6 bats
  6 frilled lizards
  2 kobolds (D:2)
  9 rats
67 creatures vanquished.

Notes
Turn   | Place    | Note
-------+----------+-------------------------------------------
     0 | D:1      | adelrune the Demonspawn Monk began the quest for the Orb.
     0 | D:1      | Reached XP level 1. HP: 18/18 MP: 1/1
   153 | D:1      | Reached skill level 3 in Axes
   163 | D:1      | Found Jeohaad's Antique Weapon Shop.
   202 | D:1      | Gained mutation: You have sharp fingernails. [demonic
                  | ancestry]
   202 | D:1      | Reached XP level 2. HP: 22/24 MP: 2/2
   501 | D:1      | HP: 1/24 [poisoned by an adder]
   551 | D:2      | Reached skill level 1 in Armour
   627 | D:2      | Noticed Jessica
   639 | D:2      | Killed Jessica
   640 | D:2      | Gained mutation: You have a somewhat thin skeletal
                  | structure. (Dex +2, Stealth+) [demonic ancestry]
   640 | D:2      | Reached XP level 3. HP: 4/29 MP: 3/3
   776 | D:2      | Noticed Terence
   791 | D:2      | Killed Terence
   792 | D:2      | Reached XP level 4. HP: 23/36 MP: 4/4
   993 | D:2      | Reached skill level 4 in Axes
  1120 | D:2      | Identified the +3 dagger of Bowegi Uska {elec, rF+ rC++}
  1189 | D:2      | Found Duij's Assorted Antiques.
  1323 | D:2      | Gained mutation: You have very sharp fingernails. [demonic
                  | ancestry]
  1323 | D:2      | Reached XP level 5. HP: 42/42 MP: 5/5
  1765 | D:2      | Identified the ring "Wocoqaet" {Wiz Int+2}
  1807 | D:3      | Found a faded altar of an unknown god.
  1810 | D:3      | Prayed at the altar of an unknown god.
  1810 | D:3      | Became a worshipper of Beogh the Shepherd
  1810 | D:3      | Reached * piety under Beogh
  1810 | D:3      | Reached ** piety under Beogh
  1865 | D:3      | Noticed an ice beast
  1948 | D:3      | Reached *** piety under Beogh
  1974 | D:3      | Identified the +5 hand axe of Siquec {flame, Will+}
  1974 | D:3      | Noticed Margrim
  1988 | D:3      | HP: 2/42 [Margrim the orc apostle/the +5 hand axe of Siquec
                  | {flame, Will+} (11)]
  1989 | D:3      | Slain by Margrim the orc apostle

Illustrated notes

Levels and vault maps discovered:
D:1:      reono_arrival_forest_river, layout_rooms, serial_shops, shop
D:2:      minmay_thinvault, layout_loops_ring, serial_shops,
          nicolae_shop_crystal, uniq_jessica, uniq_terence
D:3:      layout_basic, nicolae_ecumenical_oubliette, solitary_fountain,
          chequers_serial_rivers_small_3

Skill      XL: |  1  2  3  4  5 |
---------------+----------------+-----
Axes           | 3 4 |  4.3
Armour         | 1 2 |  2.0
Fighting       | |  3.9
Dodging        | |  2.6

Action                     |  1- 3 |  4- 6 || total
---------------------------+-------+-------++-------
  Melee: Hand axe          |    58 |    12 ||    70
         War axe           |       |    35 ||    35
         Dagger            |       |    58 ||    58
    Use: Potion            |     1 |       ||     1
 Armour: Robe              |    12 |       ||    12
         Ring mail         |     2 |       ||     2
         Chain mail        |    39 |    74 ||   113
  Dodge: Dodged            |    22 |    36 ||    58

Table legend: (Time is in decaauts)
 A = Elapsed time spent in this place.
 B = Non-inter-level travel time spent in this place.
 C = Inter-level travel time spent in this place.
 D = Time resting spent in this place.
 E = Time spent auto-exploring this place.
 F = Levels seen in this place.
 G = Mean time per level.
                   A        B        C        D        E       F      G
               +--------+--------+--------+--------+--------+-----+--------+
         Total |   2018 |   1911 |    107 |    213 |   1205 |   3 |  672.7 |
       Dungeon |   2018 |   1911 |    107 |    213 |   1205 |   3 |  672.7 |
               +--------+--------+--------+--------+--------+-----+--------+

Top non-repeatable levels by time:
     D:2: 1366 daAuts
     D:1: 549 daAuts
     D:3: 102 daAuts
